NWL (28 & UNDER)
BISMARK BORDER GUARDS @ RIVERSIDE RED BULLS
10/06/2025
 
TOP OF THE 1ST
Bismark Border Guards batting - Pitching for Riverside Red Bulls : RHP Jeffrey King
Pitching: RHP Jeffrey King
Batting: RHB Tomás Carranza 0-0: Ball
1-0: Ground out 1-3 (Groundball, 13)
Batting: LHB Rusty Herbert 0-0: Swinging Strike
0-1: Ground out U3 (Groundball, 3L)
Batting: RHB José Gómez 0-0: Called Strike
0-1: Swinging Strike
0-2: Strikes out looking
Top of the 1st over - 0 run(s), 0 hit(s), 0 error(s), 0 left on base; Bismark 0 - Riverside 0
BOTTOM OF THE 1ST
Riverside Red Bulls batting - Pitching for Bismark Border Guards : RHP Esteban Corona
Pitching: RHP Esteban Corona
Batting: RHB Emílio Bruno 0-0: Called Strike
0-1: Swinging Strike
0-2: Foul Ball, location: 2F
0-2: Ball
1-2: Ball
2-2: Foul Ball, location: 2F
2-2: Foul Ball, location: 2F
2-2: Strikes out looking
Batting: RHB Pedro Mata 0-0: Called Strike
0-1: Ball
1-1: Ball
2-1: Foul Ball, location: 2F
2-2: Ground out 6-3 (Groundball, 56)
Batting: RHB Brandon Pope 0-0: Ball
1-0: Ground out 5-3 (Groundball, 5L)
Bottom of the 1st over - 0 run(s), 0 hit(s), 0 error(s), 0 left on base; Bismark 0 - Riverside 0
TOP OF THE 2ND
Bismark Border Guards batting - Pitching for Riverside Red Bulls : RHP Jeffrey King
Batting: RHB Mike Wright 0-0: Swinging Strike
0-1: Foul Ball, location: 2F
0-2: Ball
1-2: Foul Ball, location: 2F
1-2: Ball
2-2: Foul Ball, location: 2F
2-2: Foul Ball, location: 2F
2-2: Strikes out swinging
Batting: LHB Brian Boone 0-0: Called Strike
0-1: Ball
1-1: Ball
2-1: Swinging Strike
2-2: Strikes out swinging
Batting: RHB Chris Parker 0-0: Ball
1-0: Ball
2-0: Ball
3-0: Foul Ball, location: 2F
3-1: Called Strike
3-2: Base on Balls
Batting: RHB José Cintrón 0-0: Foul Ball, location: 2F
0-1: Ball
1-1: Foul Ball, location: 2F
1-2: Strikes out swinging
Top of the 2nd over - 0 run(s), 0 hit(s), 0 error(s), 1 left on base; Bismark 0 - Riverside 0
BOTTOM OF THE 2ND
Riverside Red Bulls batting - Pitching for Bismark Border Guards : RHP Esteban Corona
Batting: RHB Earnest Finnegan 0-0: Swinging Strike
0-1: Called Strike
0-2: Ground out 6-3 (Groundball, 6)
Batting: RHB Soshu Nakamura 0-0: Ball
1-0: Called Strike
1-1: Ball
2-1: Swinging Strike
2-2: Ball
3-2: Foul Ball, location: 2F
3-2: Strikes out swinging
Batting: LHB Mike Petersen 0-0: Ball
1-0: Fly out, F7 (Flyball, 7S)
Bottom of the 2nd over - 0 run(s), 0 hit(s), 0 error(s), 0 left on base; Bismark 0 - Riverside 0
TOP OF THE 3RD
Bismark Border Guards batting - Pitching for Riverside Red Bulls : RHP Jeffrey King
Batting: RHB Juan Robles 0-0: Ball
1-0: Foul Ball, location: 2F
1-1: Ball
2-1: Swinging Strike
2-2: Strikes out swinging
Batting: RHB Danny Spode 0-0: Ground out 5-3 (Groundball, 5)
Batting: RHB Tomás Carranza 0-0: Called Strike
0-1: Foul Ball, location: 2F
0-2: DOUBLE (Line Drive, 89M)
Batting: LHB Rusty Herbert 0-0: Ball
1-0: Ball
2-0: Foul Ball, location: 2F
2-1: Fly out, F9 (Flyball, 9M)
Top of the 3rd over - 0 run(s), 1 hit(s), 0 error(s), 1 left on base; Bismark 0 - Riverside 0
BOTTOM OF THE 3RD
Riverside Red Bulls batting - Pitching for Bismark Border Guards : RHP Esteban Corona
Batting: RHB Marcos Hernández 0-0: Ball
1-0: Ball
2-0: Foul Ball, location: 2F
2-1: Ground out 4-3 (Groundball, 4)
Batting: RHB Fernando Gálvez 0-0: Swinging Strike
0-1: Ball
1-1: Foul Ball, location: 2F
1-2: Ground out 5-3 (Groundball, 56)
Batting: SHB Luis Alonso 0-0: Ball
1-0: Ball
2-0: Called Strike
2-1: Swinging Strike
2-2: Ball
3-2: Strikes out swinging
Bottom of the 3rd over - 0 run(s), 0 hit(s), 0 error(s), 0 left on base; Bismark 0 - Riverside 0
TOP OF THE 4TH
Bismark Border Guards batting - Pitching for Riverside Red Bulls : RHP Jeffrey King
Batting: RHB José Gómez 0-0: Ball
1-0: Foul Ball, location: 2F
1-1: Ball
2-1: Ball
3-1: Base on Balls
Batting: RHB Mike Wright 0-0: Hit by Pitch
José Gómez to second
Batting: LHB Brian Boone 0-0: Ball
1-0: Called Strike
1-1: Reached on error, E6 (Groundball, 6M)
José Gómez to third
Mike Wright to second
Batting: RHB Chris Parker 0-0: Called Strike
0-1: Called Strike
0-2: Strikes out swinging
Batting: RHB José Cintrón 0-0: Ball
1-0: Ball
2-0: Called Strike
2-1: Fly out, F8 (Flyball, 8LXD)
Runner from 3rd tags up, SCORES, no throw
Batting: RHB Juan Robles 0-0: Swinging Strike
0-1: Called Strike
0-2: Strikes out swinging
Top of the 4th over - 1 run(s), 0 hit(s), 1 error(s), 2 left on base; Bismark 1 - Riverside 0
BOTTOM OF THE 4TH
Riverside Red Bulls batting - Pitching for Bismark Border Guards : RHP Esteban Corona
Batting: RHB Emílio Bruno 0-0: Foul Ball, location: 2F
0-1: Fly out, F9 (Flyball, 9M)
Batting: RHB Pedro Mata 0-0: Ball
1-0: Ball
2-0: Fly out, F8 (Flyball, 8LS)
Batting: RHB Brandon Pope 0-0: Ball
1-0: Called Strike
1-1: Foul Ball, location: 2F
1-2: Ball
2-2: Ground out 6-3 (Groundball, 6M)
Bottom of the 4th over - 0 run(s), 0 hit(s), 0 error(s), 0 left on base; Bismark 1 - Riverside 0
TOP OF THE 5TH
Bismark Border Guards batting - Pitching for Riverside Red Bulls : RHP Jeffrey King
Batting: RHB Danny Spode 0-0: Ball
1-0: Foul Ball, location: 2F
1-1: Swinging Strike
1-2: Foul Ball, location: 2F
1-2: Ball
2-2: Strikes out looking
Batting: RHB Tomás Carranza 0-0: Called Strike
0-1: SINGLE (Line Drive, 89S)
Batting: LHB Rusty Herbert 0-0: SINGLE (Line Drive, 6MD)
Tomás Carranza to second
Batting: RHB José Gómez 0-0: Ball
Throwing error on steal attempt, E2
Tomás Carranza scores
Rusty Herbert to third
1-0: SINGLE (Flyball, 8RS)
Rusty Herbert scores
Batting: RHB Mike Wright 0-0: Foul Ball, location: 2F
0-1: Foul Ball, location: 2F
0-2: Foul Ball, location: 2F
0-2: SINGLE (Groundball, 56D)
José Gómez to second
Batting: LHB Brian Boone 0-0: Ball
1-0: Ball
Wild Pitch!
José Gómez to third
Mike Wright to second
2-0: Ball
3-0: Called Strike
3-1: Swinging Strike
3-2: Strikes out swinging
Batting: RHB Chris Parker 0-0: Ball
1-0: Foul Ball, location: 2F
1-1: Ball
2-1: Ball
3-1: Foul Ball, location: 2F
3-2: Base on Balls
Batting: RHB José Cintrón 0-0: Called Strike
0-1: Called Strike
0-2: SINGLE (Popup, 3D)
José Gómez scores
Mike Wright to third
Chris Parker to second
Runner from 3rd tries for Home, SAFE, no throw or cutoff
Batting: RHB Juan Robles 0-0: Foul Ball, location: 2F
0-1: Fly out, F4 (Popup, 4D)
Top of the 5th over - 4 run(s), 5 hit(s), 1 error(s), 2 left on base; Bismark 5 - Riverside 0
BOTTOM OF THE 5TH
Riverside Red Bulls batting - Pitching for Bismark Border Guards : RHP Esteban Corona
Batting: RHB Earnest Finnegan 0-0: Ball
1-0: Called Strike
1-1: Called Strike
1-2: Strikes out swinging
Batting: RHB Soshu Nakamura 0-0: Called Strike
0-1: Swinging Strike
0-2: Ball
1-2: Ball
2-2: SINGLE (Groundball, 34)
Batting: LHB Mike Petersen 0-0: Called Strike
0-1: Called Strike
0-2: Fly out, F8 (Flyball, 8LXD)
Runner from 1st tags up, OUT at 2nd
Bottom of the 5th over - 0 run(s), 1 hit(s), 0 error(s), 0 left on base; Bismark 5 - Riverside 0
TOP OF THE 6TH
Bismark Border Guards batting - Pitching for Riverside Red Bulls : RHP Jeffrey King
Pitching: RHP Omar Camacho
Batting: RHB Danny Spode 0-0: Ball
1-0: Foul Ball, location: 2F
1-1: Foul Ball, location: 2F
1-2: Strikes out swinging
Batting: RHB Tomás Carranza 0-0: Ball
1-0: Called Strike
1-1: Ball
2-1: Foul Ball, location: 2F
2-2: Foul Ball, location: 2F
2-2: Foul Ball, location: 2F
2-2: Strikes out swinging
Batting: LHB Rusty Herbert 0-0: Swinging Strike
0-1: SINGLE (Groundball, 34D) (infield hit)
Batting: RHB José Gómez 0-0: Ball
1-0: Called Strike
1-1: Ball
2-1: Ball
3-1: Called Strike
3-2: Strikes out looking
Top of the 6th over - 0 run(s), 1 hit(s), 0 error(s), 1 left on base; Bismark 5 - Riverside 0
BOTTOM OF THE 6TH
Riverside Red Bulls batting - Pitching for Bismark Border Guards : RHP Esteban Corona
Batting: RHB Marcos Hernández 0-0: Called Strike
0-1: Ball
1-1: Ground out 5-3 (Groundball, 5)
Batting: RHB Fernando Gálvez 0-0: Ball
1-0: Ball
2-0: Ball
3-0: Called Strike
3-1: Called Strike
3-2: Fly out, F8 (Flyball, 8LM)
Batting: SHB Luis Alonso 0-0: Swinging Strike
0-1: Ball
1-1: Ball
2-1: Foul Ball, location: 2F
2-2: Strikes out swinging
Bottom of the 6th over - 0 run(s), 0 hit(s), 0 error(s), 0 left on base; Bismark 5 - Riverside 0
TOP OF THE 7TH
Bismark Border Guards batting - Pitching for Riverside Red Bulls : RHP Omar Camacho
Batting: RHB Mike Wright 0-0: Ball
1-0: Ball
2-0: Called Strike
2-1: Ball
3-1: Base on Balls
Batting: LHB Brian Boone 0-0: Fly out, F8 (Flyball, 8RD)
Batting: RHB Chris Parker 0-0: Ball
1-0: Called Strike
1-1: Swinging Strike
1-2: Fielders Choice at 2nd, 5-4 (Groundball, 5L)
Batting: RHB José Cintrón 0-0: Called Strike
0-1: Called Strike
0-2: Ball
1-2: DOUBLE (Line Drive, 9LM)
Chris Parker to third
Batting: RHB Juan Robles 0-0: Ball
1-0: Ball
2-0: Foul Ball, location: 2F
2-1: Fly out, F8 (Flyball, 8LD)
Top of the 7th over - 0 run(s), 1 hit(s), 0 error(s), 2 left on base; Bismark 5 - Riverside 0
BOTTOM OF THE 7TH
Riverside Red Bulls batting - Pitching for Bismark Border Guards : RHP Esteban Corona
Now in LF: Edward Melton
Batting: RHB Emílio Bruno 0-0: Ball
1-0: Ground out 4-3 (Groundball, 4M)
Batting: RHB Pedro Mata 0-0: Ball
1-0: Called Strike
1-1: Called Strike
1-2: Foul Ball, location: 2F
1-2: Ground out U3 (Groundball, 3S)
Batting: RHB Brandon Pope 0-0: Called Strike
0-1: Ball
1-1: Swinging Strike
1-2: Ball
2-2: SINGLE (Groundball, 6MD)
Batting: RHB Earnest Finnegan 0-0: Swinging Strike
0-1: Ball
Wild Pitch!
Brandon Pope to second
1-1: Ball
2-1: Ball
3-1: Base on Balls
Batting: RHB Soshu Nakamura 0-0: Ball
1-0: Foul Ball, location: 2F
1-1: Ball
2-1: Ground out 5-3 (Groundball, 5)
Bottom of the 7th over - 0 run(s), 1 hit(s), 0 error(s), 2 left on base; Bismark 5 - Riverside 0
TOP OF THE 8TH
Bismark Border Guards batting - Pitching for Riverside Red Bulls : RHP Omar Camacho
Pitching: RHP Guy Hebert
Batting: RHB Danny Spode 0-0: Swinging Strike
0-1: Foul Ball, location: 2F
0-2: Strikes out looking
Batting: RHB Tomás Carranza 0-0: Foul Ball, location: 2F
0-1: Called Strike
0-2: Ball
1-2: Ball
2-2: Foul Ball, location: 2F
2-2: Strikes out looking
Batting: LHB Rusty Herbert 0-0: Ball
1-0: Ball
2-0: Ball
3-0: Called Strike
3-1: Called Strike
3-2: Foul Ball, location: 2F
3-2: Strikes out looking
Top of the 8th over - 0 run(s), 0 hit(s), 0 error(s), 0 left on base; Bismark 5 - Riverside 0
BOTTOM OF THE 8TH
Riverside Red Bulls batting - Pitching for Bismark Border Guards : RHP Esteban Corona
Pitching: RHP Beau Murphy
Batting: LHB Mike Petersen 0-0: Ground out 4-3 (Groundball, 34)
Batting: RHB Marcos Hernández 0-0: Foul Ball, location: 2F
0-1: Ball
1-1: Ball
2-1: Fly out, F8 (Line Drive, 89D)
Batting: RHB Fernando Gálvez 0-0: SINGLE (Line Drive, 8LS)
Batting: SHB Luis Alonso 0-0: Ball
1-0: Ground out 4-3 (Groundball, 4)
Bottom of the 8th over - 0 run(s), 1 hit(s), 0 error(s), 1 left on base; Bismark 5 - Riverside 0
TOP OF THE 9TH
Bismark Border Guards batting - Pitching for Riverside Red Bulls : RHP Guy Hebert
Pitching: LHP Stu Creichton
Batting: RHB José Gómez 0-0: Ball
1-0: Foul Ball, location: 2F
1-1: Called Strike
1-2: Ball
2-2: Foul Ball, location: 2F
2-2: Foul Ball, location: 2F
2-2: Ball
3-2: Foul Ball, location: 2F
3-2: Ground out 6-3 (Groundball, 6)
Batting: RHB Edward Melton 0-0: Foul Ball, location: 2F
0-1: Ground out 5-3 (Groundball, 56)
Batting: LHB Brian Boone 0-0: Called Strike
0-1: Foul Ball, location: 2F
0-2: Strikes out swinging
Top of the 9th over - 0 run(s), 0 hit(s), 0 error(s), 0 left on base; Bismark 5 - Riverside 0
BOTTOM OF THE 9TH
Riverside Red Bulls batting - Pitching for Bismark Border Guards : RHP Beau Murphy
Pitching: RHP Tony Baltazar
Batting: RHB Emílio Bruno 0-0: DOUBLE (Flyball, 89XD)
Batting: RHB Pedro Mata 0-0: Foul Ball, location: 2F
0-1: Ball
1-1: Ball
2-1: SINGLE (Groundball, 34D)
Emílio Bruno to third
Runner from 3rd tries for Home, SAFE, no throw or cutoff
Batting: RHB Brandon Pope 0-0: Ball
1-0: SINGLE (Groundball, 6MD)
Pedro Mata to second
Runner from 2nd tries for 3rd, SAFE, throw made to third
Brandon Pope to second
Batting: RHB Earnest Finnegan 0-0: Foul Ball, location: 2F
0-1: Fly out, F9 (Flyball, 9LM)
Runner from 3rd tags up, SCORES, throw made
Batting: RHB Soshu Nakamura 0-0: Ball
1-0: Swinging Strike
1-1: Foul Ball, location: 2F
1-2: Ground out 6-3 (Groundball, 6)
Batting: LHB Mike Petersen 0-0: Called Strike
0-1: Called Strike
0-2: Ball
1-2: Hit by Pitch
Pinch Hitting: LHB Jorge Meléndez 0-0: Ground out 4-3 (Groundball, 4)
Bottom of the 9th over - 2 run(s), 3 hit(s), 0 error(s), 2 left on base; Bismark 5 - Riverside 2
This league is powered by Out of the Park Baseball, the baseball management simulation game for PC, Mac and Linux
Tuesday, August 2nd, 2016 - OOTP Baseball 16.8 Build 38